 Dungeon Crawl Stone Soup version 0.32-a0-643-ga006e7742e (webtiles) character file.

Game seed: 6623171244100812444

39 CougarLife the Digger (level 3, 19/19 HPs)
             Began as a Gargoyle Earth Elementalist on Mar 7, 2024.
             Quit the game on level 1 of the Dungeon.
             The game lasted 00:02:17 (1242 turns).

CougarLife the Digger (Gargoyle Earth Elementalist) Turns: 1242, Time: 00:02:17

Health: 19/19      AC:  6    Str: 11    XL:     3   Next: 47%
Magic:  6/6        EV: 11    Int: 17    God:
Gold:   16         SH:  0    Dex: 10    Spells: 6/7 levels left

rFire   . . .        g - +0 dagger
rCold   . . .        (no shield)
rNeg    + . .        a - +0 robe
rPois   ∞            d - +0 helmet
rElec   +            (no cloak)
rCorr   .            (no gloves)
SInv    .            (no boots)
Will    .....        (no amulet)
Stlth   ++           (no ring)
HPRegen 0.23/turn    (no ring)
MPRegen 0.10/turn

%: no passive effects
@: no status effects
A: sickness immunity, AC +3, negative energy resistance 1, electricity
resistance, torment resistance 1, petrification resistance
a: no special abilities


You were on level 1 of the Dungeon.
You visited 1 branch of the dungeon, and saw 1 of its levels.

You collected 16 gold pieces.

Inventory:

Hand Weapons
 g - a +0 dagger (weapon)
Armour
 a - a +0 robe (worn)
 d - a +0 helmet (worn)
Scrolls
 f - 3 scrolls of amnesia {unknown}
Potions
 b - a potion of magic
 c - a potion of ambrosia {unknown}
 e - 2 potions of brilliance {unknown}
 h - a potion of degeneration {unknown}


   Skills:
 - Level 1.5 Dodging
 - Level 2.1 Stealth
 + Level 2.6 Spellcasting
 + Level 2.1 Conjurations
 + Level 4.2 Earth Magic


You had 6 spell levels left.
You knew the following spells:

 Your Spells              Type           Power      Damage    Failure   Level
a - Sandblast             Erth           32%        2d9       3%          1

Your spell library contained the following spells:

 Spells                   Type           Power      Damage    Failure   Level
 Passwall                 Erth           16%        N/A       10%         3
 Stone Arrow              Conj/Erth      26%        3d8       14%         3
 Brom's Barrelling Bould  Conj/Erth      13%        2d4       43%         4
 Petrify                  Alch/Erth      9%         N/A       58%         4


Dungeon Overview and Level Annotations

Branches:
Dungeon (1/15)

Altars:


Innate Abilities, Weirdness & Mutations

You are immune to sickness and miasma.
Your stone body is resilient. (AC +3)
You are immune to poison.
You resist negative energy. (rN+)
You are resistant to electric shocks. (rElec)
You are resistant to unholy torment.
You are immune to petrification.


Message History

The giant cockroach is almost dead.
The giant cockroach closely misses you.
A giant cockroach is nearby!
The blast of sand hits the giant cockroach!
You kill the giant cockroach!
Key pressed, stopping explore.
No target in view!
You can't see any susceptible monsters within range! (Use Z to cast anyway.)
You see here a giant cockroach corpse.
A goblin comes into view. It is wielding a +0 dagger.
The goblin shouts!
You hit the goblin.
The goblin is severely wounded.
The goblin closely misses you.
The blast of sand hits the goblin.
You kill the goblin!
Things that are here:
a +0 dagger; a goblin corpse Key pressed, stopping explore.
No target in view!
You can't see any susceptible monsters within range! (Use Z to cast anyway.)
h - a glowing green potion You can't see any susceptible monsters within range! (Use Z to cast anyway.)
Found an escape hatch in the floor.
You can't see any susceptible monsters within range! (Use Z to cast anyway.) No target in view!
You see here a +0 club.
Done exploring.
You can't see any susceptible monsters within range! (Use Z to cast anyway.) Done exploring.
No target in view!
You can't see any susceptible monsters within range! (Use Z to cast anyway.) Done exploring.
No target in view!
You can't see any susceptible monsters within range! (Use Z to cast anyway.) Done exploring.
No target in view!
You can't see any susceptible monsters within range! (Use Z to cast anyway.) Done exploring.
Are you sure you want to abandon this character and quit the game? (Confirm with "yes".)

..#
#.#####..#..######
.##
#................#
.#
###.....########.#
.# ###.....######
#.# ##
#............# #.#
# #.#.....####.#
#.# #
#.#...÷......#
#.#### #
#.#####÷####.#
#....# #.#
###.####@# ####.#
#.# #.)...##.# #.#
#.# #.###.##.# #.#
#####'######.# #.#
#..#...#..##.# #.#
#..'...'.<#..# #.#
#..#...#.P#..# #.#
####...####### #.#
#..#...#..# #.#


There were no monsters in sight!

Vanquished Creatures
  A dart slug (D:1)
  4 ball pythons (D:1)
  2 endoplasms (D:1)
  A giant cockroach (D:1)
  3 goblins (D:1)
  A hobgoblin (D:1)
  5 jackals (D:1)
  3 kobolds (D:1)
  3 quokkas (D:1)
  A bat (D:1)
  5 frilled lizards (D:1)
  4 rats (D:1)
33 creatures vanquished.

Notes
Turn   | Place    | Note
-------+----------+-------------------------------------------
     0 | D:1      | CougarLife the Gargoyle Earth Elementalist began the quest
                  | for the Orb.
     0 | D:1      | Reached XP level 1. HP: 10/10 MP: 3/3
   160 | D:1      | Reached XP level 2. HP: 15/15 MP: 3/5
   331 | D:1      | Reached skill level 4 in Earth Magic
   407 | D:1      | Reached XP level 3. HP: 16/19 MP: 1/6
  1242 | D:1      | Quit the game

Illustrated notes

Levels and vault maps discovered:
D:1:      dpeg_arrival_prison, layout_loops_ring, minmay_misc_feat_diagonals

Skill      XL: |  1  2  3 |
---------------+----------+-----
Earth Magic    | 4 |  4.2
Conjurations   | 2 |  2.1
Dodging        | |  1.5
Stealth        | |  2.1
Spellcasting   | |  2.6

Action                     || total
---------------------------++-------
  Melee: Unarmed           ||    50
         Dagger            ||     1
         Punch             ||     1
   Cast: Sandblast         ||    41
 Armour: Robe              ||    65
  Dodge: Dodged            ||    57

Table legend: (Time is in decaauts)
 A = Elapsed time spent in this place.
 B = Non-inter-level travel time spent in this place.
 C = Inter-level travel time spent in this place.
 D = Time resting spent in this place.
 E = Time spent auto-exploring this place.
 F = Levels seen in this place.
 G = Mean time per level.
                   A        B        C        D        E       F      G
               +--------+--------+--------+--------+--------+-----+--------+
         Total |   1262 |   1199 |     63 |    253 |    729 |   1 | 1262.0 |
       Dungeon |   1262 |   1199 |     63 |    253 |    729 |   1 | 1262.0 |
               +--------+--------+--------+--------+--------+-----+--------+

Top non-repeatable levels by time:
     D:1: 1262 daAuts
